 Dungeon Crawl Stone Soup version 0.31-a0-472-g43a2ca8e1b (webtiles) character file.

Game seed: 14189008907686069369

2 GordonOverkill the Sneak (level 1, 0/16 HPs)
             Began as an Octopode Delver on Aug 6, 2023.
             Slain by an orc
             ... wielding a +0 dagger
              (4 damage)
             ... on level 5 of the Dungeon.
             The game lasted 00:00:31 (63 turns).

GordonOverkill the Sneak (Octopode Delver)            Turns: 63, Time: 00:00:31

Health: 0/16       AC:  1    Str: 11    XL:     1   Next: 30%
Magic:  1/1        EV: 13    Int: 12    God:
Gold:   0          SH:  0    Dex: 13    Spells: 0/0 levels left

rFire   . . .        a - +0 short sword
rCold   . . .        (no shield)
rNeg    . . .        (helmet restricted)
rPois   .            (no amulet)
rElec   .            (no ring)
rCorr   .            (no ring)
SInv    .            (no ring)
Will    .....        (no ring)
Stlth   ++++         (no ring)
HPRegen 0.22/turn    (no ring)
MPRegen 0.07/turn    (no ring)
                     (no ring)

%: no passive effects
@: no status effects
A: almost no armour, amphibious, 8 rings, camouflage 1, gelatinous body 1,
(nimble swimmer 1), tentacles
a: no special abilities


You were on level 5 of the Dungeon.
You visited 1 branch of the dungeon, and saw 2 of its levels.

Inventory:

Hand Weapons
 a - a +0 short sword (weapon)
Wands
 f - a wand of digging (3)
Scrolls
 b - a scroll of fog
 c - a scroll of revelation
 d - a scroll of fear
 h - a scroll of identify {unknown}
Potions
 e - a potion of haste
 g - a potion of attraction {unknown}


   Skills:
 - Level 3.0 Fighting
 + Level 2.2 Short Blades
 - Level 2.0 Dodging
 - Level 6.6 Stealth


You couldn't memorise any spells.
You didn't know any spells.
Your spell library was empty.

Dungeon Overview and Level Annotations

Branches:
Dungeon (6/15)
 Temple: D:4-7

Altars:

Shops:
D:6 =

Annotations:
D:5 exclusion: black bear


Innate Abilities, Weirdness & Mutations

You cannot wear most types of armour.
You are amphibious.
You can wear up to eight rings at the same time.
Your skin changes colour to match your surroundings (Stealth+).
Your rubbery body absorbs attacks. (AC +1, EV +1)
((You are camouflaged when in or above water. (Stealth+)))
You have tentacles for arms and can constrict up to eight enemies at once.


Message History

Welcome, GordonOverkill the Octopode Delver.
The heart of this dungeon contains the astounding artefact, the Orb of Zot.
Press ? for a list of commands and other information.
Found a stone staircase leading down and a stone staircase leading up.
Found a fizzy inky potion.
Found a war axe.
A black bear comes into view.
You see here a fizzy inky potion.
g - a fizzy inky potion Unknown command.
Found a stone staircase leading down.
Found a scroll labelled QORELI SEOSA.
A white imp comes into view.
The white imp moves out of view.
You see here a scroll labelled QORELI SEOSA.
h - a scroll labelled QORELI SEOSA
There is a stone staircase leading down here.
You climb downwards.
Found Eniabb's Jewellery Emporium.
There is a stone staircase leading up here.
The quasit gives a chilling moan.
The orc shouts! x2
The orc hits you with a +0 mace.
The orc shouts!
There is a stone staircase leading up here.
The orc completely misses you. The orc misses you.
You climb upwards.
Level annotation: exclusion: black bear
There is a stone staircase leading down here.
The orc attacks as you move away! The orc hits you with a +0 dagger.
The orc hits you with a +0 mace.
* * * LOW HITPOINT WARNING * * *
You hit the orc. You grab the orc. You squeeze the orc.
You kill the orc!
The orc hits you with a +0 dagger.
* * * LOW HITPOINT WARNING * * *
Things that are here:
a +0 mace; a +0 leather armour The orc attacks as you move away!
The orc hits you with a +0 dagger.
You die...

.# ## .# .# #. <.
..# #. .# #.# #.#.#
#># ##.#.# #.#
#######....###.##
........>o##...#####
##.###..@##........#
.....##.#......###.#
#......###......#
#......# #.####.#
#.###.#..#.###.# #.#
.........#.....# #.#
#.....#........# #.#
#.....#..#####.# #.#
###.# #..# ..# #.#


You could see an orc.

Vanquished Creatures
  An orc (D:5)
1 creature vanquished.

Notes
Turn   | Place    | Note
-------+----------+-------------------------------------------
     0 | D:5      | GordonOverkill the Octopode Delver began the quest for the
                  | Orb.
     0 | D:5      | Reached XP level 1. HP: 16/16 MP: 1/1
     7 | D:5      | Noticed a black bear
    54 | D:6      | Noticed a quasit
    54 | D:6      | Found Eniabb's Jewellery Emporium.
    63 | D:5      | Slain by an orc

Illustrated notes

Levels and vault maps discovered:
D:5:      layout_loops_ring, serial_shops, nicolae_shop_crystal,
          uniq_crazy_yiuf_cottage
D:6:      minmay_razor_zed, layout_gridville, nicolae_elyvilon_temple_path,
          marbit_many_paths, serial_demonic, serial_demonic_e, serial_demonic_b,
          serial_demonic_a, serial_demonic_c, serial_demonic_c,
          serial_demonic_d, serial_shops, nicolae_shop_window_shopping, shop,
          shop, uniq_prince_ribbit1

Action                     || total
---------------------------++-------
  Melee: Short sword       ||     1
         Constrict         ||     1
         Tentacles         ||     1
  Dodge: Dodged            ||     2

Table legend: (Time is in decaauts)
 A = Elapsed time spent in this place.
 B = Non-inter-level travel time spent in this place.
 C = Inter-level travel time spent in this place.
 D = Time resting spent in this place.
 E = Time spent auto-exploring this place.
 F = Levels seen in this place.
 G = Mean time per level.
                   A        B        C        D        E       F      G
               +--------+--------+--------+--------+--------+-----+--------+
         Total |     63 |     63 |      0 |      0 |      0 |   2 |   31.5 |
       Dungeon |     63 |     63 |      0 |      0 |      0 |   2 |   31.5 |
               +--------+--------+--------+--------+--------+-----+--------+

Top non-repeatable levels by time:
     D:5: 59 daAuts
     D:6: 3 daAuts
